 Dungeon Sprint DCSS version 0.21.0-24-g2553a33 (webtiles) character file.

1237 wojtek the Cleaver (level 8, -8/120 HPs)
             Began as a Minotaur Berserker on Jan 21, 2018.
             Was a High Priest of Trog.
             Mangled by a two-headed ogre
             ... wielding a +0 giant club
              (13 damage)
             ... in the Dungeon (Sprint III: "The Ten Rune Challenge").
             The game lasted 00:01:58 (1089 turns).

wojtek the Cleaver (Minotaur Berserker)             Turns: 1089, Time: 00:01:59

Health: -8/120     AC:  7    Str: 29    XL:     8   Next: 24%
Magic:  7/7        EV: 15    Int:  4    God:    Trog [*****.]
Gold:   37         SH:  0    Dex: 10    Spells: 7/7 levels left

rFire    . . .     SeeInvis .   a - +0 hand axe
rCold    . . .     Gourm    .   (no shield)
rNeg     . . .     Faith    .   s - +0 ring mail
rPois    .         Spirit   .   (helmet restricted)
rElec    .         Reflect  .   (no cloak)
rCorr    .         Harm     .   (no gloves)
MR       .....     NoTele   +   (no boots)
Stlth    ..........             (no amulet)
HPRegen  0.30/turn              (no ring)
MPRegen  0.10/turn              (no ring)

@: berserking, very quick
A: retaliatory headbutt, horns 2
a: Berserk, Trog's Hand, Brothers in Arms, Burn Spellbooks, Renounce Religion


You were in the Dungeon.
You worshipped Trog.
Trog was extremely pleased with you.
You were very hungry.

You visited 1 branch You collected 37 gold pieces.

Inventory:

Hand Weapons
 a - a +0 hand axe (weapon)
Armour
 s - a +0 ring mail (worn)
Scrolls
 i - a scroll of blinking
 j - 3 scrolls of torment {unknown}
 k - 4 scrolls of identify
 m - 3 scrolls of remove curse
 o - a scroll of holy word {unknown}
Potions
 d - a potion of curing
 e - 2 potions of heal wounds
 f - a potion of haste
 g - 2 potions of magic
 h - a potion of berserk rage
 l - a potion of cancellation {unknown}
 n - 2 potions of agility {unknown}
 p - 5 potions of mutation
 q - a potion of might
Miscellaneous
 b - a box of beasts
Comestibles
 c - 5 rations


   Skills:
 + Level 10.4 Fighting
 * Level 13.7 Axes
 + Level 10.1 Armour
 + Level 9.3 Dodging


You had 7 spell levels left.
You didn't know any spells.

Dungeon Overview and Level Annotations

Branches:
Dungeon (1/1)

Altars:
Cheibriados
Dithmenos
Elyvilon
Fedhas
Gozag
Hepliaklqana
Kikubaaqudgha
Makhleb
Nemelex Xobeh
Okawaru
Qazlal
Ru
Sif Muna
Trog
Uskayaw
Vehumet
Wu Jian
Xom
Yredelemnul
Zin
The Shining One
Beogh
Jiyva
Lugonu


Innate Abilities, Weirdness & Mutations

You reflexively headbutt those who attack you in melee.
You have a pair of horns on your head.


Message History

The two-headed ogre hits you with a giant club!!
The two-headed ogre misses you.
The two-headed ogre hits you with a giant club!
* * * LOW HITPOINT WARNING * * *
The two-headed ogre barely misses you.
A red film seems to cover your vision as you go berserk!
You feel yourself moving faster!
You feel mighty!
You are feeling very hungry.
All of the chunks of flesh in your inventory have rotted away.
You are too injured to fight recklessly!
You are too injured to fight recklessly!
Unknown command.
You are too injured to fight recklessly!
You slice the two-headed ogre!!
The two-headed ogre is almost dead.
You barely miss the two-headed ogre. The two-headed ogre misses you. x2
The two-headed ogre hits you with a giant club!!
* * * LOW HITPOINT WARNING * * *
The two-headed ogre hits you with a giant spiked club!
You die...

##.############
####..#___#___#__#
#..#..#...#__.#._#
#..#..###)#'###)##
##'#..#........).#
###...'.⌠........#
###...#...######'#
##....#.⌠.#__#...# #
#.....#(..#__#..@# #.#
......#)###__#.OO## OO
#.....#...#__#...'##.#
##....#___#__'...#...#
▓▓▓▓▓▓▓▓▓▓▓▓▓▓▓▓▓▓▓▓▓


You could see 2 two-headed ogres.

Vanquished Creatures
  A deep elf mage (D)
  A shadow (D)
  A spatial vortex (D)
  A necrophage (D)
  A water elemental (D)
  A jelly (D)
  Jessica (D)
  A wizard (D)
  A necromancer (D)
  3 humans (D)
  A kobold demonologist (D)
  A phantom (D)
  3 rats (D)
17 creatures vanquished.

Vanquished Creatures (others)
  2 draconian scorchers (D)
  6 hellions (D)
  A yaktaur (D)
  2 plants (D)
11 creatures vanquished.

Grand Total: 28 creatures vanquished

Notes
Turn   | Place    | Note
-------+----------+-------------------------------------------
     0 | D        | wojtek the Minotaur Berserker began the quest for the Orb.
     0 | D        | Reached XP level 1. HP: 19/19 MP: 0/0
    16 | D        | Reached skill level 4 in Axes
    51 | D        | Reached ** piety under Trog
    60 | D        | Noticed Jessica
    66 | D        | Killed Jessica
    66 | D        | Reached skill level 5 in Axes
    66 | D        | Reached XP level 2. HP: 22/28 MP: 1/1
    98 | D        | Killed a hellion
    98 | D        | Killed a hellion
    99 | D        | Killed a hellion
    99 | D        | Killed a hellion
   111 | D        | Killed a hellion
   136 | D        | Killed a white draconian scorcher
   151 | D        | Reached skill level 5 in Fighting
   151 | D        | Reached skill level 6 in Axes
   151 | D        | Reached XP level 3. HP: 3/36 MP: 2/2
   169 | D        | Killed a white draconian scorcher
   248 | D        | Killed a hellion
   303 | D        | Killed a yaktaur
   597 | D        | Noticed a water elemental
   602 | D        | Killed a water elemental
   602 | D        | Reached *** piety under Trog
   602 | D        | Reached skill level 7 in Axes
   602 | D        | Reached skill level 5 in Armour
   602 | D        | Reached XP level 4. HP: 44/44 MP: 3/3
   652 | D        | Found a radiant altar of Vehumet.
   652 | D        | Found a deep blue altar of Sif Muna.
   652 | D        | Found an ancient bone altar of Kikubaaqudgha.
   652 | D        | Noticed a wizard
   656 | D        | Killed a wizard
   656 | D        | Reached skill level 8 in Axes
   656 | D        | Reached skill level 5 in Dodging
   657 | D        | Reached **** piety under Trog
   657 | D        | Received a gift from Trog
   657 | D        | Reached XP level 5. HP: 51/51 MP: 4/4
   703 | D        | Found a glowing silver altar of Zin.
   704 | D        | Found a glowing golden altar of the Shining One.
   704 | D        | Found a white marble altar of Elyvilon.
   704 | D        | Noticed a deep elf mage
   728 | D        | Killed a deep elf mage
   728 | D        | Reached skill level 11 in Axes
   728 | D        | Reached XP level 6. HP: 51/63 MP: 5/5
   728 | D        | Reached XP level 7. HP: 56/70 MP: 6/6
   791 | D        | Found a hide-covered altar of Uskayaw.
   791 | D        | Found a roughly hewn altar of Beogh.
   791 | D        | Found an iron altar of Okawaru.
   791 | D        | Found a bloodstained altar of Trog.
   791 | D        | Found an ornate altar of the Wu Jian Council.
   791 | D        | Noticed a human
   791 | D        | Noticed a human
   794 | D        | Killed a human
   794 | D        | Reached ***** piety under Trog
   794 | D        | Reached skill level 12 in Axes
   803 | D        | Killed a human
   857 | D        | Found a basalt altar of Yredelemnul.
   857 | D        | Found a shadowy altar of Dithmenos.
   857 | D        | Found a sacrificial altar of Ru.
   866 | D        | Received a gift from Trog
   866 | D        | Reached skill level 13 in Axes
   906 | D        | Noticed a shadow
   913 | D        | Reached skill level 10 in Fighting
   914 | D        | Killed a shadow
   914 | D        | Reached XP level 8. HP: 79/79 MP: 7/7
   978 | D        | Found a blossoming altar of Fedhas.
   978 | D        | Found a stormy altar of Qazlal.
   979 | D        | Found a snail-covered altar of Cheibriados.
   979 | D        | Found a burning altar of Makhleb.
   979 | D        | Found a hazy altar of Hepliaklqana.
   979 | D        | Found a shimmering altar of Xom.
   979 | D        | Found an opulent altar of Gozag.
   979 | D        | Found a sparkling altar of Nemelex Xobeh.
   979 | D        | Found a corrupted altar of Lugonu.
   979 | D        | Found a viscous altar of Jiyva.
   991 | D        | Reached skill level 10 in Armour
  1089 | D        | HP: 5/120 [two-headed ogre/giant club (29)]
  1089 | D        | Mangled by a two-headed ogre

Skill      XL: |  1  2  3  4  5  6  7  8 |
---------------+-------------------------+-----
Axes           | 5 6 7 8 11 13 | 13.7
Fighting       | 4 5 6 9 10 | 10.4
Armour         | 3 4 5 8 9 10 | 10.1
Dodging        | 3 4 5 7 9 |  9.3

Action                   |  1- 3 |  4- 6 |  7- 9 || total
-------------------------+-------+-------+-------++-------
Melee: Hand axe          |    40 |     7 |    41 ||    88
       Headbutt          |     8 |     1 |     4 ||    13
Invok: Berserk           |     1 |     1 |     4 ||     6
       Burn Spellbooks   |       |     1 |       ||     1
  Eat: Chunk             |       |     1 |     4 ||     5
Armor: Animal skin       |     3 |       |       ||     3
       Ring mail         |       |       |     4 ||     4
Dodge: Dodged            |    21 |     2 |    16 ||    39
